 Dungeon Crawl Stone Soup version 0.22.1-6-g1668fe2c40 (webtiles) character file.

1550 Herrscher the Cleaver (level 8, 0/66 HPs)
             Began as a Minotaur Berserker on Jan 20, 2019.
             Was a Priest of Trog.
             Slain by a killer bee (3 damage)
             ... on level 7 of the Dungeon.
             The game lasted 00:25:47 (5850 turns).

Herrscher the Cleaver (Minotaur Berserker)          Turns: 5850, Time: 00:25:47

Health: 0/66       AC: 12    Str: 23    XL:     8   Next: 57%
Magic:  7/7        EV:  8    Int:  4    God:    Trog [***...]
Gold:   250        SH:  4    Dex: 11    Spells: 7/7 levels left

rFire    . . .     SeeInvis .   D - +0 battleaxe
rCold    + . .     Gourm    .   (shield currently unavailable)
rNeg     . . .     Faith    .   x - +0 chain mail
rPois    +         Spirit   .   (helmet restricted)
rElec    .         Reflect  +   (no cloak)
rCorr    .         Harm     .   s - +0 pair of gloves (curse)
MR       .....                  w - +1 pair of boots
Stlth    ..........             m - +4 amulet of reflection
HPRegen  0.21/turn              l - ring of poison resistance
MPRegen  0.10/turn              n - ring of protection from cold

@: lethally poisoned (0 -> -5), berserk cooldown, slowed, very slow
A: retaliatory headbutt, horns 2
a: Berserk, Trog's Hand, Renounce Religion


You were on level 7 of the Dungeon.
You worshipped Trog.
Trog was most pleased with you.
You were very hungry.

You visited 1 branch of the dungeon, and saw 7 of its levels.

You collected 250 gold pieces.

Inventory:

Hand Weapons
 D - a +0 battleaxe (weapon)
Armour
 s - a cursed +0 pair of gloves (worn)
 w - a +1 pair of boots (worn)
 x - a +0 chain mail (worn)
Jewellery
 l - a ring of poison resistance (left hand)
 m - a +4 amulet of reflection (around neck)
 n - a ring of protection from cold (right hand)
Wands
 a - a wand of disintegration (20)
 v - a wand of digging (10)
 B - a wand of random effects (31)
Scrolls
 b - 4 scrolls of identify
 d - a scroll of fog {unknown}
 g - a scroll of random uselessness {unknown}
 i - a scroll of enchant armour {unknown}
 k - 3 scrolls of teleportation {unknown}
 o - 2 scrolls of blinking {unknown}
 p - 2 scrolls of magic mapping {unknown}
 t - 2 scrolls of amnesia
 y - 2 scrolls of remove curse {unknown}
 z - a scroll of acquirement {unknown}
 A - 2 scrolls of fear {unknown}
Potions
 e - a potion of mutation {unknown}
 f - 4 potions of curing
 h - a potion of heal wounds {unknown}
 j - 2 potions of magic
 q - a potion of degeneration {unknown}
 r - a potion of haste {unknown}
 u - 3 potions of flight {unknown}
 C - a potion of might {unknown}
Comestibles
 c - 18 rations
 E - 4 chunks of flesh


   Skills:
 - Level 3.6 Fighting
 + Level 12.9 Axes
 - Level 2.5 Armour
 - Level 2.2 Dodging


You had 7 spell levels left.
You didn't know any spells.
Your spell library contained the following spells:

 Spells                   Type           Power        Failure   Level  Hunger
 Magic Dart               Conj           #...         99%         1    ##.....
 Blink                    Tloc           N/A          100%        2    ###....
 Call Imp                 Summ           #.......     100%        2    ###....
 Slow                     Hex            #.......     100%        2    ###....
 Conjure Flame            Conj/Fire      #.......     100%        3    ####...
 Mephitic Cloud           Conj/Pois/Air  #.......     100%        3    ####...


Dungeon Overview and Level Annotations

Branches:
Dungeon (7/15)
 Temple: D:4-7

Altars:
Ashenzari
Cheibriados
Dithmenos
Elyvilon
Fedhas
Sif Muna
Trog
Vehumet
Wu Jian

Shops:
D:6 [}:}

Annotations:
D:6 2 runed doors, spacerossing's ghost, novice KoBe


Innate Abilities, Weirdness & Mutations

You reflexively headbutt those who attack you in melee.
You have a pair of horns on your head.


Message History

* * * LOW HITPOINT WARNING * * *
The killer bee stings you!
* * * LOW HITPOINT WARNING * * *
The killer bee stings you.
* * * LOW HITPOINT WARNING * * *
You are more poisoned.
The killer bee poisons you!
You feel a strong urge to attack something.
You feel sick.
You feel sick.
The killer bee stings you but does no damage.
You feel your anger nearly subside.
You are no longer berserk.
You are exhausted.
You feel yourself slow down.
You feel sick.
Your skin stops crawling.
You feel less resistant to hostile enchantments.
* * * LOW HITPOINT WARNING * * *
You feel sick. The killer bee stings you.
You die...

##.##
##.#.##############
#.#.o.o))))........
##...######.######
##.## #.########
#.# #y##.<...##.#
#.# #y##.###.##.#.#
#y# #y#..#........#
#y#
#@#..#.#÷##.#...
#o# #..÷.....##.#
(.. ###.###.###.#
..( ##.###.##.# ...
#.###....### ....o
###.##......#
#.).##.####.#
#.§÷##.# #.####
#..÷##.# ##.##.[


You could see 3 killer bees.

Vanquished Creatures
  An ice beast (D:6)
  A sky beast (D:6)
  A phantom (D:6)
  6 ogres
  A centaur (D:6)
  A scorpion (D:4)
  3 crimson imps
  A hound (D:6)
  An orc priest (D:6)
  2 orc wizards
  2 iguanas
  Terence (D:3)
  3 worker ants
  A howler monkey zombie (D:6)
  A worker ant zombie (D:2)
  8 gnolls
  8 adders
  A howler monkey skeleton (D:4)
  5 worms
  2 dart slugs
  2 leopard geckos
  3 orcs
  A ball python (D:2)
  8 bats
  6 giant cockroaches
  7 hobgoblins
  10 jackals
  9 kobolds
  5 quokkas
  7 frilled lizards
  4 goblins
  A leopard gecko skeleton (D:4)
  4 rats
117 creatures vanquished.

Vanquished Creatures (others)
  4 orcs (D:6)
4 creatures vanquished.

Grand Total: 121 creatures vanquished

Notes
Turn   | Place    | Note
-------+----------+-------------------------------------------
     0 | D:1      | Herrscher the Minotaur Berserker began the quest for the
                  | Orb.
     0 | D:1      | Reached XP level 1. HP: 19/19 MP: 0/0
   184 | D:1      | Reached skill level 4 in Axes
   226 | D:1      | Reached XP level 2. HP: 19/27 MP: 1/1
   937 | D:2      | Reached skill level 5 in Axes
   937 | D:2      | Reached XP level 3. HP: 19/33 MP: 2/2
  1139 | D:2      | Reached ** piety under Trog
  1431 | D:2      | Reached XP level 4. HP: 40/40 MP: 3/3
  1434 | D:2      | Noticed an ogre
  1440 | D:2      | Killed an ogre
  1440 | D:2      | Reached skill level 7 in Axes
  1440 | D:2      | Reached XP level 5. HP: 46/46 MP: 4/4
  1552 | D:2      | Found a bloodstained altar of Trog.
  1869 | D:3      | Noticed Terence
  1875 | D:3      | Killed Terence
  2184 | D:3      | Found a snail-covered altar of Cheibriados.
  2193 | D:3      | Reached skill level 8 in Axes
  2328 | D:3      | Reached XP level 6. HP: 51/52 MP: 5/5
  2656 | D:3      | Found a faded altar of an unknown god.
  2873 | D:3      | Found a white marble altar of Elyvilon.
  3065 | D:4      | Found an ornate altar of the Wu Jian Council.
  3420 | D:4      | Reached skill level 9 in Axes
  3499 | D:5      | Entered Level 5 of the Dungeon
  3707 | D:5      | Reached XP level 7. HP: 58/58 MP: 6/6
  3965 | D:5      | Found a blossoming altar of Fedhas.
  4121 | D:6      | Found a deep blue altar of Sif Muna.
  4124 | D:6      | Found a radiant altar of Vehumet.
  4127 | D:6      | Found a shattered altar of Ashenzari.
  4353 | D:5      | Reached skill level 10 in Axes
  4570 | D:6      | Reached *** piety under Trog
  4693 | D:6      | Found Ecwoghir's Book Shoppe.
  4737 | D:6      | Found a large runed door.
  4737 | D:6      | Found a large runed door.
  4744 | D:6      | Reached skill level 11 in Axes
  4757 | D:6      | Found Gysexur's Gadget Emporium.
  4911 | D:6      | Reached XP level 8. HP: 63/66 MP: 7/7
  5243 | D:6      | Found a shadowy altar of Dithmenos.
  5248 | D:6      | Reached skill level 12 in Axes
  5323 | D:6      | Found Todgh's Gadget Emporium.
  5343 | D:6      | Found Xogiczon's Antique Armour Boutique.
  5469 | D:6      | Noticed spacerossing's ghost (novice KoBe)
  5850 | D:7      | HP: 3/66 [poisoned by a killer bee]
  5850 | D:7      | Slain by a killer bee

Skill      XL: |  1  2  3  4  5  6  7  8 |
---------------+-------------------------+-----
Axes           | 4 5 7 8 9 11 12 | 12.9
Fighting       | |  3.6
Armour         | |  2.5
Dodging        | |  2.2

Action                   |  1- 3 |  4- 6 |  7- 9 || total
-------------------------+-------+-------+-------++-------
Melee: Hand axe          |    82 |   126 |    96 ||   304
       Headbutt          |    16 |    32 |    23 ||    71
       Battleaxe         |       |       |    50 ||    50
Invok: Berserk           |     2 |     3 |     1 ||     6
       Trog's Hand       |     1 |     1 |     3 ||     5
  Use: Scroll            |       |     3 |     1 ||     4
  Eat: Chunk             |     4 |    10 |     4 ||    18
       Ration            |       |       |     1 ||     1
Armor: Animal skin       |     3 |       |       ||     3
       Leather armour    |    13 |     6 |       ||    19
       Scale mail        |       |    16 |       ||    16
       Chain mail        |       |     7 |    61 ||    68
Dodge: Dodged            |    45 |    54 |    46 ||   145
Block: Other             |       |    11 |    23 ||    34
       Reflection        |       |     1 |       ||     1
